 Dungeon Crawl Stone Soup version 0.19.0-22-gd96e5fe (webtiles) character file.

20153 evildog the Impaler (level 12, -1/92 HPs)
             Began as a Merfolk Gladiator on Nov 18, 2016.
             Was a Priest of Hepliaklqana.
             Slain by Rupert
             ... wielding a +0 great mace of holy wrath
              (12 damage)
             ... on level 12 of the Dungeon.
             The game lasted 00:52:24 (14474 turns).

evildog the Impaler (Merfolk Gladiator)            Turns: 14474, Time: 00:52:25

Health: -1/92      AC: 14    Str: 21    XL:     12   Next: 76%
Magic:  17/18      EV: 19    Int:  8    God:    Hepliaklqana [***...]
Gold:   45         SH:  2    Dex: 18    Spells: 0 memorised, 11 levels left

rFire  . . .     SeeInvis .     B - +1 trident (freeze)
rCold  + . .     Gourm    .     d - +1 ring mail of Misanthropy {+Fly rC+ Str+3 Dex+2} (curse)
rNeg   . . .     Faith    .     (no shield)
rPois  .         Spirit   .     u - +2 hat
rElec  .         Reflect  +     E - +2 cloak
rCorr  .         Harm     .     N - +2 pair of gloves
MR     .....                    (no boots)
Stlth  +.........               v - +2 amulet of reflection
                                (no ring)
                                (no ring)

@: no status effects
A: change form in water, swift swim, stealthy swim, reduced essence
a: Recall Ancestor, Ancestor Identity, Transference, Renounce Religion, Evoke
Flight


You were on level 12 of the Dungeon.
You worshipped Hepliaklqana.
Hepliaklqana was most pleased with you.
You were very hungry.

You visited 4 branches of the dungeon, and saw 18 of its levels.
You also visited: Ossuary.

You collected 911 gold pieces.
You spent 866 gold pieces at shops.

Inventory:

Hand Weapons
 B - a +1 trident of freezing (weapon)
Missiles
 m - a throwing net (quivered)
 y - 7 javelins
Armour
 d - the cursed +1 ring mail of Misanthropy (worn) {+Fly rC+ Str+3 Dex+2}
   (You bought it in a shop on level 10 of the Dungeon)

   It affects your strength (+3).
   It affects your dexterity (+2).
   It protects you from cold.
   It lets you fly.
   It has a curse placed upon it.
 p - a +0 buckler
 u - a +2 hat (worn)
 w - a +1 chain mail of fire resistance
 E - a +2 cloak (worn)
 N - a +2 pair of gloves (worn)
Jewellery
 r - an uncursed amulet of magic regeneration
 v - a +2 amulet of reflection (around neck)
Wands
 c - a wand of iceblast (10/15)
 A - a wand of acid (5/15)
 H - a wand of lightning (0/15)
 P - a wand of confusion (21/48)
 Q - a wand of digging (13/24)
Scrolls
 i - 3 scrolls of magic mapping
 j - 2 scrolls of fear
 k - 2 scrolls of enchant armour
 l - 3 scrolls of blinking
 o - 3 scrolls of teleportation
 t - 2 scrolls of fog
 x - 3 scrolls of amnesia
 F - 2 scrolls of remove curse
 G - a scroll of identify
Potions
 a - 2 potions of heal wounds
 b - 2 potions of haste
 e - 11 potions of curing
 g - 2 potions of lignification
 z - 2 potions of invisibility
 J - 3 potions of flight
 K - a potion of cancellation
 L - a potion of might
 M - 2 potions of resistance
Comestibles
 f - 5 bread rations
 h - 8 fruits
 n - a beef jerky
 q - 2 slices of pizza
 s - 5 meat rations


   Skills:
 + Level 12.6 Fighting
 - Level 17.0 Polearms
 + Level 5.1 Throwing
 + Level 11.3 Dodging
 + Level 8.2 Invocations


You had 11 spell levels left.
You didn't know any spells.

Dungeon Overview and Level Annotations

Branches:
Dungeon (12/15)            Temple (1/1) D:5            Lair (3/6) D:8
 Spider (0/4) Lair:2          Orc (2/2) D:11
  Swamp: Lair:2-4    Shoals: Lair:2-4       Elf: Orc:2

Altars:
Ashenzari
Cheibriados
Dithmenos
Elyvilon
Fedhas
Gozag
Hepliaklqana
Kikubaaqudgha
Makhleb
Nemelex Xobeh
Okawaru
Qazlal
Ru
Sif Muna
Trog
Uskayaw
Vehumet
Xom
Yredelemnul
Zin
The Shining One
Jiyva

Shops:
D:4 %   D:10 [[%?   D:11 *

Annotations:
D:12 Frances, Rupert


Message History

Rupert hits you with a great mace of holy wrath!!!
You hit Rupert. You freeze Rupert.
Rupert is heavily wounded.
Rupert hits you with a great mace of holy wrath!!
* * * LOW HITPOINT WARNING * * *
You puncture Rupert! You freeze Rupert.
Rupert is severely wounded.
You barely miss Rupert.
Rupert is severely wounded.
Rupert closely misses you.
You hit Rupert. You freeze Rupert.
Rupert is severely wounded.
Rupert closely misses you. Rupert misses you.
Rupert hits you with a great mace of holy wrath!
* * * LOW HITPOINT WARNING * * *
You are too injured to fight recklessly!
Rupert misses you.
Rupert hits you with a great mace of holy wrath!
You die...

#...).#.#
#.....#.#
#.....#.#
#.....#.#
#.....#.#
#..)..#.#
#.....#)#
+.......#
#.....#@#
#####.#@#
#.#.# ##.#
#.# #.#
#.#
#.########
#.........


You could see Rupert (berserk).

Vanquished Creatures
  Josephine (D:10)
  The ghost of evildog the Carver, a journeyman MiFi of Okawaru (D:10)
  Urug (Lair:2)
  Sonja (D:12)
  Nergalle (D:10)
  An unseen horror (D:11)
  An ugly thing (D:11)
  A hill giant (D:11)
  A cyclops (D:11)
  A komodo dragon (Lair:2)
  3 trolls
  4 polar bears (Lair:2)
  A shadow (D:11)
  2 wyverns
  3 wraiths (D:10)
  19 yaks
  2 basilisks (Lair:2)
  A hungry ghost (D:11)
  3 water moccasins
  2 orc warriors (D:8)
  6 porcupines
  4 ice beasts
  3 sky beasts
  2 black bears (D:6)
  3 ogres
  A phantom (D:4)
  An eye of draining (D:10)
  7 wolves
  5 centaurs
  2 crocodiles
  A big kobold (D:9)
  5 bullfrogs
  2 water moccasin zombies (Ossuary)
  4 scorpions
  2 wights (D:11)
  3 howler monkeys
  An electric eel (Lair:2)
  3 crimson imps
  5 hounds
  A centaur skeleton (D:3)
  3 bullfrog skeletons
  2 iguanas
  2 jellies
  2 orc priests
  6 orc wizards
  16 worker ants
  2 mummies (Ossuary)
  A hound zombie (D:3)
  3 hound skeletons
  A worker ant zombie (D:10)
  6 adders
  4 gnolls (D:6)
  5 river rats (D:8)
  A shadow imp (D:6)
  3 oozes
  10 adder zombies
  An adder skeleton (D:9)
  A worm (D:4)
  3 dart slugs
  5 leopard geckos
  32 orcs
  A ball python (D:2)
  12 bats
  A bat zombie (D:8)
  3 giant cockroaches
  3 gnoll zombies (Ossuary)
  5 goblins
  8 hobgoblins
  12 jackals
  13 kobolds
  6 quokkas
  A ball python skeleton (D:3)
  6 frilled lizards
  5 hobgoblin zombies (Ossuary)
  5 kobold zombies (Ossuary)
  3 orc zombies (Ossuary)
  3 quokka skeletons
  14 rats
  2 rat zombies (D:8)
  A butterfly (D:11)
324 creatures vanquished.

Vanquished Creatures (collateral kills)
  A hill giant (D:12)
  A black mamba (Lair:2)
  A spiny frog (Lair:2)
  3 komodo dragons
  8 yaks
  An ice beast (D:11)
  2 ogres
  A wolf (Lair:3)
  A crocodile (Lair:1)
  A bullfrog (D:11)
  A scorpion (D:11)
  3 wights (D:11)
  A bullfrog skeleton (D:11)
  An iguana (D:11)
  A worker ant (D:11)
  An orc (D:9)
  2 giant cockroaches (D:11)
  2 butterflies (D:11)
  A fungus (Lair:3)
33 creatures vanquished.

Vanquished Creatures (others)
  6 knights
  14 fungi
  13 plants
33 creatures vanquished.

Grand Total: 390 creatures vanquished

Notes
Turn   | Place    | Note
-------+----------+-------------------------------------------
     0 | D:1      | evildog the Merfolk Gladiator began the quest for the Orb.
     0 | D:1      | Reached XP level 1. HP: 16/16 MP: 1/1
    15 | D:1      | Reached skill level 5 in Polearms
    24 | D:1      | Reached XP level 2. HP: 22/22 MP: 2/2
   571 | D:1      | Reached XP level 3. HP: 27/27 MP: 3/3
   604 | D:1      | Reached skill level 6 in Polearms
  1473 | D:3      | Reached skill level 7 in Polearms
  1473 | D:3      | Reached XP level 4. HP: 25/33 MP: 4/4
  1638 | D:3      | Found a sacrificial altar of Ru.
  1736 | D:3      | Reached XP level 5. HP: 36/38 MP: 5/5
  1770 | D:3      | Reached skill level 8 in Polearms
  1851 | D:3      | Found a faded altar of an unknown god.
  1851 | D:3      | Found a white marble altar of Elyvilon.
  1857 | D:3      | Found a faded altar of an unknown god.
  1859 | D:3      | Found a faded altar of an unknown god.
  1861 | D:3      | Found a glowing golden altar of the Shining One.
  2285 | D:4      | Found a snail-covered altar of Cheibriados.
  2382 | D:4      | Reached skill level 9 in Polearms
  2382 | D:4      | Reached XP level 6. HP: 33/44 MP: 6/6
  2608 | D:4      | Reached skill level 5 in Dodging
  2621 | D:4      | Found a shadowy altar of Dithmenos.
  2621 | D:4      | Noticed a phantom
  2654 | D:4      | Killed a phantom
  2704 | D:4      | Got a spiked leather armour
  2733 | D:4      | Identified the +1 leather armour "Ban Fav" {MR+ Regen+} (You found it on level 4 of the Dungeon)
  2815 | D:4      | Found Diof's Food Shoppe.
  3183 | D:5      | Entered Level 5 of the Dungeon
  3194 | D:5      | Reached skill level 10 in Polearms
  3194 | D:5      | Reached XP level 7. HP: 50/50 MP: 7/7
  3625 | D:5      | Found a glowing silver altar of Zin.
  3861 | D:5      | Reached skill level 11 in Polearms
  3878 | D:5      | Found a staircase to the Ecumenical Temple.
  4090 | Temple   | Entered the Ecumenical Temple
  4493 | D:6      | Reached XP level 8. HP: 51/56 MP: 8/8
  4929 | D:6      | Reached skill level 12 in Polearms
  5292 | D:7      | Found a bloodstained altar of Trog.
  5373 | D:7      | Found a sand-covered staircase.
  5386 | Ossuary  | Entered an ossuary
  5436 | Ossuary  | Reached skill level 5 in Fighting
  5657 | D:7      | Reached XP level 9. HP: 69/69 MP: 9/9
  6021 | D:7      | Found a sparkling altar of Nemelex Xobeh.
  6254 | D:7      | Reached skill level 13 in Polearms
  6583 | D:8      | Found an iron altar of Okawaru.
  6821 | D:8      | Found a staircase to the Lair.
  6837 | D:8      | Got a fabulously ornate robe
  6849 | D:8      | Identified the cursed +0 robe of Umimoxt {-Cast Int-2 Dex+7} (You found it on level 8 of the Dungeon)
  6892 | D:8      | Reached skill level 14 in Polearms
  7221 | D:8      | Found an ancient bone altar of Kikubaaqudgha.
  7280 | D:8      | Found a hazy altar of Hepliaklqana.
  7283 | D:8      | Became a worshipper of Hepliaklqana the Forgotten
  7385 | D:8      | Reached XP level 10. HP: 67/74 MP: 10/10
  7670 | D:9      | Reached skill level 10 in Fighting
  7741 | D:9      | Found a deep blue altar of Sif Muna.
  8262 | D:10     | Entered Level 10 of the Dungeon
  8272 | D:10     | Reached * piety under Hepliaklqana
  8309 | D:10     | Found Kaakly's Armour Boutique.
  8310 | D:10     | Found Liatwine's Magic Scroll Shop.
  8310 | D:10     | Noticed evildog's ghost (journeyman MiFi)
  8335 | D:10     | Killed evildog's ghost
  8361 | D:10     | Bought a scroll of teleportation for 33 gold pieces
  8361 | D:10     | Bought a scroll of identify for 22 gold pieces
  8370 | D:10     | Bought a +1 chain mail of fire resistance for 280 gold pieces
  8599 | D:10     | Found Dud Hoa's Food Shoppe.
  8626 | D:10     | Noticed Nergalle
  8648 | D:10     | Noticed a spectral orc warlord
  8648 | D:10     | Killed Nergalle
  8648 | D:10     | Reached skill level 15 in Polearms
  8739 | D:10     | Noticed Josephine
  8752 | D:10     | Killed Josephine
  8757 | D:10     | Reached XP level 11. HP: 55/83 MP: 11/11
  9025 | D:10     | Found Zuarres's Armour Shoppe.
  9033 | D:10     | Bought a +0 buckler for 58 gold pieces
  9197 | D:10     | Reached ** piety under Hepliaklqana
  9203 | D:10     | Remembered your ancestor Nakurtum as a knight
  9276 | D:11     | Reached skill level 16 in Polearms
  9508 | D:11     | Killed an unseen horror
  9653 | D:11     | Noticed a cyclops
  9666 | D:11     | Killed a cyclops
  9684 | D:11     | Found a staircase to the Orcish Mines.
  9717 | D:11     | Noticed a hill giant
  9728 | D:11     | Killed a hill giant
  9728 | D:11     | Reached skill level 10 in Dodging
  9730 | D:11     | Noticed a cyan ugly thing
  9762 | Orc:1    | Entered Level 1 of the Orcish Mines
 10009 | Lair:1   | Entered Level 1 of the Lair of Beasts
 10423 | Lair:1   | You fall through a shaft!
 10503 | Lair:2   | Reached *** piety under Hepliaklqana
 10722 | Lair:1   | Reached skill level 17 in Polearms
 10839 | Lair:1   | Reached skill level 1 in Invocations
 11430 | Lair:2   | Found a hole to the Spider Nest.
 11881 | Lair:2   | Reached XP level 12. HP: 91/91 MP: 14/14
 11941 | Lair:2   | Noticed Urug
 11952 | Lair:2   | Killed Urug
 12651 | Lair:3   | Noticed a five-headed hydra
 13017 | D:8      | Reached skill level 5 in Invocations
 13153 | Orc:1    | Reached **** piety under Hepliaklqana
 13270 | Orc:2    | Entered Level 2 of the Orcish Mines
 13325 | D:10     | Bought the cursed +1 ring mail of Misanthropy {+Fly rC+ Str+3 Dex+2} for 423 gold pieces
 13440 | D:11     | Found a runed door.
 13621 | D:11     | Found a runed door.
 13741 | D:11     | Found Owkeuhag's Assorted Antiques.
 13744 | D:11     | Bought a scroll of identify for 50 gold pieces
 13870 | D:12     | Noticed Sonja
 13904 | D:12     | Killed Sonja
 14156 | D:12     | Noticed Frances
 14158 | D:12     | Reached skill level 5 in Throwing
 14159 | D:12     | Noticed a sun demon
 14213 | D:12     | Noticed a soul eater
 14437 | D:12     | Noticed Rupert
 14474 | D:12     | Slain by Rupert

Skill      XL: |  1  2  3  4  5  6  7  8  9 10 11 12 |
---------------+-------------------------------------+-----
Polearms       | 5 7 9 10 11 12 14 15 17 | 17.0
Dodging        | 5 6 7 9 10 11 | 11.3
Fighting       | 5 9 11 12 | 12.6
Invocations    | 3 8 |  8.2
Throwing       | 3 5 |  5.1

Action                   |  1- 3 |  4- 6 |  7- 9 | 10-12 || total
-------------------------+-------+-------+-------+-------++-------
Melee: Trident           |   110 |   204 |   203 |   148 ||   665
       Halberd           |       |       |   355 |   468 ||   823
       Tailslap          |       |       |       |     1 ||     1
Throw: Throwing net      |       |       |     1 |     5 ||     6
Invok: Ancestor Identity |       |       |     1 |       ||     1
       Recall Ancestor   |       |       |       |     8 ||     8
       Ancestor Life: Kn |       |       |       |     1 ||     1
       Idealise          |       |       |       |     2 ||     2
Evoke: Wand              |       |     2 |     2 |    13 ||    17
  Use: Scroll            |       |     5 |     9 |    18 ||    32
       Potion            |       |       |       |     5 ||     5
 Stab: Sleeping          |     3 |       |     4 |       ||     7
       Distracted        |       |     1 |       |     5 ||     6
       Held in net/web   |       |       |       |     1 ||     1
  Eat: Chunk             |     2 |     5 |    14 |    21 ||    42
       Royal jelly       |       |       |       |     1 ||     1
Armor: Leather armour    |    16 |     7 |    76 |    11 ||   110
       Scale mail        |     6 |    37 |       |       ||    43
       Chain mail        |       |       |       |   165 ||   165
       Ring mail         |       |       |       |    23 ||    23
Dodge: Dodged            |    51 |    87 |   289 |   299 ||   726
Block: Other             |       |     7 |    22 |    23 ||    52
       Reflection        |       |       |       |     3 ||     3
